 Dungeon Crawl Stone Soup version 0.30-a0-702-gdf48620a09 (webtiles) character file.

Game seed: 13015471297850488681

2855 brightshaft the Arsonist (level 9, 0/55 HPs)
             Began as a Gargoyle Fire Elementalist on Jan 21, 2023.
             Was a Follower of Vehumet.
             Killed from afar by Maggie (23 damage)
             ... with a bolt of fire
             ... on level 7 of the Dungeon.
             The game lasted 00:13:40 (7612 turns).

brightshaft the Arsonist (GrFE)                     Turns: 7612, Time: 00:13:41

Health: 0/55       AC: 13    Str: 16    XL:     9   Next: 75%
Magic:  23/36      EV: 13    Int: 23    God:    Vehumet [*.....]
Gold:   324        SH:  0    Dex: 14    Spells: 7/20 levels left

rFire   . . .      SeeInvis .    z - +9 trident of Fimbulwinter {heavy, rC- Will+ Str+3 Int+4 Dex+4}
rCold   x . .      Faith    .    (no shield)
rNeg    + . .      Spirit   .    I - +2 robe
rPois   ∞          Reflect  .    s - +0 helmet
rElec   +          Harm     .    (no cloak)
rCorr   .          Rampage  .    k - +0 pair of gloves
Will    +....                    f - +0 pair of boots
Stlth   ++                       (no amulet)
HPRegen 0.29/turn                h - ring of magical power
MPRegen 0.25/turn                G - ring of magical power

@: no status effects
A: sickness immunity, AC +6, negative energy resistance 1, electricity
resistance, torment resistance 1, petrification resistance
a: Renounce Religion


You were on level 7 of the Dungeon.
You worshipped Vehumet.
Vehumet was aware of your devotion.
You visited 2 branches of the dungeon, and saw 8 of its levels.
You also visited: Sewer.

You collected 324 gold pieces.

Inventory:

Hand Weapons
 c - a +3 heavy dagger
 e - a +0 sling
 j - a +2 rapier of electrocution
 u - a +4 hand axe of freezing
 z - the +9 trident of Fimbulwinter (weapon) {heavy, rC- Will+ Str+3 Int+4 Dex+4}
   (You found it on level 5 of the Dungeon)

   Str:       It affects your strength (+3).
   Int:       It affects your intelligence (+4).
   Dex:       It affects your dexterity (+4).
   rC:        It makes you vulnerable to cold.
   Will:      It increases your willpower.
Armour
 f - a +0 pair of boots (worn)
 k - a +0 pair of gloves (worn)
 s - a +0 helmet (worn)
 I - a +2 robe (worn)
Jewellery
 h - a ring of magical power (left hand)
 q - a ring of ice
 G - a ring of magical power (right hand)
Wands
 t - a wand of polymorph (5)
 E - a wand of mindburst (5) {@v3}
Scrolls
 b - a scroll of teleportation {@r4}
 d - a scroll of brand weapon
 y - a scroll of magic mapping
Potions
 a - a potion of lignification {unknown}
 g - 2 potions of might
 i - 2 potions of brilliance
 m - 5 potions of heal wounds {@q2}
 n - 3 potions of magic
 o - 2 potions of mutation
 p - 2 potions of resistance
 v - 2 potions of curing {@q1}
 w - a potion of flight
 F - a potion of haste {@q3}


   Skills:
 * Level 6.0 Fighting
 + Level 4.1 Dodging
 - Level 2.1 Stealth
 + Level 6.0 Spellcasting
 - Level 1.4 Conjurations
 * Level 9.4 Fire Magic


You had 7 spell levels left.
You knew the following spells:

 Your Spells              Type           Power      Damage    Failure   Level
a - Foxfire               Conj/Fire      100%       2x1d9     1%          1
b - Scorch                Fire           100%       2d10      1%          2
c - Inner Flame           Hex/Fire       28%        N/A       3%          3
d - Kindle Blastsparks    Fire/Tloc/Air  42%        2d13      7%          3
e - Flame Wave            Conj/Fire      32%        2d9       9%          4

Your spell library contained the following spells:

 Spells                   Type           Power      Damage    Failure   Level
 Kiss of Death            Conj/Necr      40%        2d8       6%          1


Dungeon Overview and Level Annotations

Branches:
Dungeon (7/15)             Temple (1/1) D:5           Sewer (visited)

Altars:
Ashenzari
Cheibriados
Dithmenos
Elyvilon
Fedhas
Gozag
Hepliaklqana
Kikubaaqudgha
Qazlal
Ru
Sif Muna
Trog
Uskayaw
Vehumet
Xom
Zin
The Shining One

Shops:
D:7 *

Annotations:
D:7 Maggie


Innate Abilities, Weirdness & Mutations

You are immune to sickness and miasma.
Your stone body is resilient. (AC +6)
You are immune to poison.
You resist negative energy. (rN+)
You are resistant to electric shocks. (rElec)
You are resistant to unholy torment.
You are immune to petrification.


Message History

Found a sling.
Search for what [? for help]? rapier
Things that are here:
a +0 club; an orc corpse
Things that are here:
a +0 mace; an orc corpse You see here a +2 rapier of electrocution.
j - a +2 rapier of electrocution Maggie the Vainglorious comes into view.
She is wielding a +0 halberd.
Maggie shouts!
Maggie misses you.
Flames lash Maggie.
Maggie is lightly wounded.
Maggie's fire resistance burns away.
Maggie closely misses you.
Flames lash Maggie.
Maggie is burned terribly!
Maggie is moderately wounded.
Maggie mumbles some strange words.
Maggie attempts to bespell you! You resist with almost no effort.
Flames lash Maggie.
Maggie is moderately wounded.
Maggie hits you from afar with a +0 halberd!
Flames lash Maggie but do no damage.
Maggie completely misses you.
Flames lash Maggie.
Maggie is burned terribly!
Maggie is heavily wounded.
Maggie gestures at you while chanting. The bolt of fire hits you!!
You are too injured to fight recklessly!
You are too injured to fight recklessly!
Casting: Scorch (safe; 1% risk of failure)
Press: ? - help, Q - select action, (/) - cycle Dir - look around, f - activate Flames lash Maggie.
Maggie is burned terribly!
Maggie is heavily wounded.
Maggie completely misses you.
Casting: Scorch (safe; 1% risk of failure)
Press: ? - help, Q - select action, (/) - cycle Dir - look around, f - activate Flames lash Maggie.
Maggie is burned terribly!
Maggie is heavily wounded.
Maggie casts a spell at you. The bolt of fire hits you!!
You die...

** #.# #.##........###. ,*
#.###.#...####..###. ,*
#.......#.........†† ,*
#####.#...###....... ,*
#.##.####.#####. ,*
#.##............ ** *****
#.........######
*****...######..########*****
*,,,,.....@.@.........,,,,,,,
*,***.#.#######.######******,
*****,* *,*,* *.# *, ,,,,,,*
*,*,* *.# ** ******* *,*,*
*.# ** *,*,* *.# ,*
*,*,*******.#
,********,*,,,,,,,,,*
,,,,,,,,,,***********


You could see Maggie (combustible).

Vanquished Creatures
  Edmund (D:6)
  Duvessa (D:6)
  A water moccasin (D:7)
  An ice beast (D:4)
  A sky beast (D:3)
  Pargi (Sewer)
  A black bear (D:6)
  An ogre (D:5)
  A centaur (D:6)
  A phantom (D:4)
  A necrophage (D:5)
  A bullfrog (D:7)
  5 wights (D:6)
  4 scorpions
  Dowan (D:6)
  5 killer bees (D:7)
  A howler monkey (D:6)
  5 hounds
  5 jellies
  3 orc priests
  A gnoll bouda (D:7)
  4 iguanas
  Terence (D:2)
  Natasha (D:2)
  4 orc wizards
  11 gnolls
  8 adders
  3 shadow imps (D:6)
  An ufetubus (D:5)
  7 worms
  4 dart slugs
  13 orcs
  11 endoplasms
  A giant cockroach (D:3)
  5 goblins
  9 hobgoblins
  3 jackals (D:1)
  4 quokkas (D:1)
  9 ball pythons
  3 bats
  5 frilled lizards
  10 kobolds
  6 rats
165 creatures vanquished.

Vanquished Creatures (others)
  12 foxfires (D:1)
  11 fungi (D:7)
23 creatures vanquished.

Grand Total: 188 creatures vanquished

Notes
Turn   | Place    | Note
-------+----------+-------------------------------------------
     0 | D:1      | brightshaft the Gargoyle Fire Elementalist began the quest
                  | for the Orb.
     0 | D:1      | Reached XP level 1. HP: 10/10 MP: 3/3
   141 | D:1      | Reached XP level 2. HP: 11/15 MP: 0/5
   148 | D:1      | Learned a level 2 spell: Scorch
   745 | D:1      | Reached XP level 3. HP: 19/19 MP: 3/6
  1185 | D:2      | Reached skill level 4 in Fire Magic
  1304 | D:2      | Noticed Terence
  1354 | D:2      | Killed Terence
  1355 | D:2      | Reached XP level 4. HP: 3/24 MP: 4/8
  1683 | D:2      | Found a faded altar of an unknown god.
  1772 | D:2      | Noticed Natasha
  1777 | D:2      | Killed Natasha
  2396 | D:3      | Reached XP level 5. HP: 11/28 MP: 0/9
  2509 | D:3      | Found a glowing drain.
  2526 | Sewer    | Entered a sewer
  2639 | Sewer    | Noticed Pargi
  2647 | Sewer    | Killed Pargi
  2648 | Sewer    | Reached skill level 5 in Fire Magic
  2953 | D:3      | Reached XP level 6. HP: 32/32 MP: 8/11
  3418 | D:3      | Reached skill level 6 in Fire Magic
  3604 | D:3      | Noticed a sky beast
  3610 | D:3      | Killed a sky beast
  3616 | D:3      | Reached XP level 7. HP: 10/36 MP: 1/13
  3927 | D:4      | Reached skill level 1 in Fighting
  4431 | D:5      | Entered Level 5 of the Dungeon
  4436 | D:5      | Learned a level 3 spell: Inner Flame
  4465 | D:5      | Reached skill level 7 in Fire Magic
  4509 | D:5      | Identified the +9 trident of Fimbulwinter {heavy, rC- Will+
                  | Str+3 Int+4 Dex+4}
  4668 | D:5      | Reached XP level 8. HP: 37/44 MP: 14/14
  4769 | D:5      | Found a staircase to the Ecumenical Temple.
  4784 | Temple   | Entered the Ecumenical Temple
  4856 | Temple   | Became a worshipper of Vehumet
  5058 | D:5      | Learned a level 3 spell: Kindle Blastsparks
  5447 | D:5      | Found an ancient bone altar of Kikubaaqudgha.
  5561 | D:6      | Noticed Edmund
  5570 | D:6      | Killed Edmund
  5571 | D:6      | Reached skill level 5 in Spellcasting
  5721 | D:6      | Reached skill level 8 in Fire Magic
  5755 | D:6      | Noticed Duvessa
  5758 | D:6      | Noticed Dowan
  5765 | D:6      | Killed Dowan
  5767 | D:6      | Killed Duvessa
  6168 | D:6      | Learned a level 4 spell: Flame Wave
  6476 | D:6      | Reached XP level 9. HP: 43/52 MP: 17/17
  6895 | D:7      | Reached skill level 5 in Fighting
  7065 | D:7      | Reached skill level 9 in Fire Magic
  7077 | D:7      | Found Tuliq's Overcharged Wands.
  7130 | D:7      | Reached * piety under Vehumet
  7130 | D:7      | Offered knowledge of Kiss of Death by Vehumet.
  7603 | D:7      | Noticed Maggie
  7612 | D:7      | Killed from afar by Maggie

Illustrated notes

Levels and vault maps discovered:
D:1:      minmay_arrival_cross, layout_basic
D:2:      layout_basic, shapermc_ecumenical_altar_hornbeckon,
          dreamdust_mushroom_princess, uniq_natasha, uniq_terence
D:3:      layout_basic, cheibrodos_sewer_entry_drain, grunt_decor_fettered,
          minmay_misc_feat_columns, amcnicky_mini_pool_small,
          minmay_misc_feat_cross, minmay_divided_ellipse
D:4:      layout_cave_pools
D:5:      layout_loops_ring, kiku_gazebo_garden_becter,
          minmay_temple_entry_sparse_star
D:6:      layout_gridville, minmay_checkerbox, uniq_edmund, uniq_duvessa
D:7:      lemuel_slime, layout_loops_ring, nicolae_shop_overcharged_wands,
          uniq_joseph, uniq_maggie
Temple:   nicolae_temple_bog_church

Skill      XL: |  1  2  3  4  5  6  7  8  9 |
---------------+----------------------------+-----
Fire Magic     | 4 5 6 7 8 9 |  9.4
Spellcasting   | 3 4 5 6 |  6.0
Fighting       | 2 4 6 |  6.0
Dodging        | 2 3 4 |  4.1
Stealth        | |  2.1
Conjurations   | |  1.4

Action                   |  1- 3 |  4- 6 |  7- 9 || total
-------------------------+-------+-------+-------++-------
Melee: Dagger            |    38 |    30 |     9 ||    77
       Unarmed           |     1 |       |       ||     1
       Punch             |       |     2 |     1 ||     3
       Trident           |       |       |    54 ||    54
       Hand axe          |       |       |     2 ||     2
 Cast: Foxfire           |     7 |       |       ||     7
       Scorch            |    30 |    65 |   147 ||   242
       Kindle Blastspark |       |       |     1 ||     1
       Flame Wave        |       |       |     1 ||     1
  Use: Potion            |     1 |       |     1 ||     2
       Scroll            |       |     4 |    16 ||    20
 Stab: Sleeping          |       |     1 |     4 ||     5
Armor: Robe              |    25 |    23 |    76 ||   124
Dodge: Dodged            |    29 |    34 |   142 ||   205

Table legend: (Time is in decaauts)
 A = Elapsed time spent in this place.
 B = Non-inter-level travel time spent in this place.
 C = Inter-level travel time spent in this place.
 D = Time resting spent in this place.
 E = Time spent auto-exploring this place.
 F = Levels seen in this place.
 G = Mean time per level.
                   A        B        C        D        E       F      G
               +--------+--------+--------+--------+--------+-----+--------+
         Total |   7713 |   7538 |    175 |      0 |   6363 |   9 |  857.0 |
       Dungeon |   7228 |   7071 |    157 |      0 |   6000 |   7 | 1032.6 |
        Temple |     96 |     78 |     18 |      0 |     61 |   1 |   96.0 |
         Sewer |    389 |    389 |      0 |      0 |    301 |   1 |  389.0 |
               +--------+--------+--------+--------+--------+-----+--------+

Top non-repeatable levels by time:
     D:6: 1293 daAuts
     D:2: 1257 daAuts
     D:3: 1172 daAuts
     D:5: 1039 daAuts
     D:1: 977 daAuts
     D:7: 803 daAuts
     D:4: 685 daAuts
   Sewer: 389 daAuts
  Temple: 96 daAuts
